AoeStats
← the shy

Oasis

507973320Analyzed
4v4 RM · 13d ago on Sep 20, 2026· 35m 21s· 8 players
Game mode
Random Map
Map size
Large (8 player)
Population
200
Speed
Normal
Resources
Standard
Victory
Conquest
Starting age
Dark Age
Ending age
Imperial Age
RankedLock teamsTeams togetherTeam positionsShared explorationLock speedFull tech treeHidden civsTurbo modeCheats
Victory
Defeat
🇮🇹 Tupi · Italy
1438
+13
🇧🇷 Franks · Brazil
1428
+13
🇧🇷 Ethiopians · Brazil
1405
+14
🇮🇹 Magyars · Italy
1362
+16
🇨🇳 Huns · China
1491
-19
🇨🇳 Hindustanis · China
1350
-13
🇷🇸 Celts · Serbia
1334
-13
1293
-11
The Wulf
7:44 Loom
10:05 Feudal Age
11:03 Double-Bit Axe
14:53 Fletching
16:26 Horse Collar
17:04 Padded Archer Armor
29:55 Castle Age
29:58 Crossbowman
32:51 Bodkin Arrow
求求了让老头吃你一分
3:21 Loom
7:11 Loom
10:47 Feudal Age
20:25 Fletching
23:07 Padded Archer Armor
25:31 Horse Collar
25:39 Double-Bit Axe
[GRs]KillerJerry
6:44 Loom
9:20 Feudal Age
9:53 Double-Bit Axe
13:01 Forging
14:15 Horse Collar
15:29 Scale Barding Armor
19:30 Bloodlines
22:38 Wheelbarrow
28:42 Castle Age
28:45 Light Cavalry
29:26 Husbandry
29:48 Chain Barding Armor
30:09 Gold Mining
31:42 Bow Saw
31:35 Heavy Plow
33:04 Iron Casting
32:58 Hand Cart
34:14 Gold Shaft Mining
the shy
6:46 Loom
10:11 Feudal Age
10:46 Double-Bit Axe
10:44 Horse Collar
14:46 Scale Barding Armor
15:51 Forging
25:04 Castle Age
23:15 Gold Mining
24:14 Bloodlines
25:48 Husbandry
25:09 Light Cavalry
27:38 Iron Casting
27:21 Bow Saw
29:19 Chain Barding Armor
34:19 Wheelbarrow
HSL | ilBuonFabio
6:37 Loom
9:16 Feudal Age
16:07 Fletching
20:42 Double-Bit Axe
25:05 Castle Age
24:21 Padded Archer Armor
25:30 Gold Mining
25:57 Bodkin Arrow
29:39 Bow Saw
31:22 Ballistics
33:05 Leather Archer Armor
33:58 Stone Mining
37:20 Imperial Age
leoverosoad
6:37 Loom
9:30 Feudal Age
11:47 Double-Bit Axe
12:20 Horse Collar
22:28 Castle Age
21:14 Bloodlines
22:46 Scale Barding Armor
23:53 Chain Barding Armor
23:41 Husbandry
24:10 Gold Mining
27:15 Wheelbarrow
26:54 Bow Saw
29:12 Heavy Plow
31:35 Hand Cart
32:09 Gold Shaft Mining
SS_Tiozão
4:07 Loom
9:53 Feudal Age
11:11 Double-Bit Axe
14:39 Fletching
18:07 Padded Archer Armor
25:14 Castle Age
23:53 Gold Mining
25:18 Crossbowman
25:55 Bodkin Arrow
27:01 Leather Archer Armor
27:51 Ballistics
28:45 Bow Saw
28:16 Horse Collar
32:23 Wheelbarrow
31:34 Town Watch
32:55 Heavy Plow
37:52 Imperial Age
SS_Caborja
4:12 Loom
10:12 Feudal Age
10:45 Double-Bit Axe
17:16 Scale Barding Armor
22:49 Castle Age
21:11 Gold Mining
21:58 Forging
22:55 Light Cavalry
24:08 Chain Barding Armor
31:41 Gold Shaft Mining
35:33 Iron Casting
Connection lost

Rejoining the realm…

Still unreachable

The connection could not be restored.

Session expired

The server has moved on; the page needs a fresh start.